 Dungeon Crawl Stone Soup version 0.22-a0-769-g178e55541d (webtiles) character file.

571 PikkenKukken the Covered (level 7, -1/61 HPs)
             Began as a Minotaur Fighter on July 17, 2018.
             Was a Follower of Okawaru.
             Slain by an ogre
             ... wielding a +0 giant club
              (10 damage)
             ... on level 3 of the Dungeon.
             The game lasted 00:12:15 (2802 turns).

PikkenKukken the Covered (Minotaur Fighter)         Turns: 2802, Time: 00:12:15

Health: -1/61      AC: 13    Str: 21    XL:     7   Next: 11%
Magic:  6/8        EV: 12    Int:  5    God:    Okawaru [*.....]
Gold:   112        SH: 11    Dex: 11    Spells: 6/6 levels left

rFire    . . .     SeeInvis .   a - +1 war axe
rCold    . . .     Gourm    .   c - +0 shield
rNeg     . . .     Faith    .   j - +0 chain mail
rPois    .         Spirit   .   (helmet restricted)
rElec    .         Reflect  .   (no cloak)
rCorr    .         Harm     .   k - +0 pair of gloves (curse)
MR       .....                  (no boots)
Stlth    ..........             (no amulet)
HPRegen  0.20/turn              i - +2 ring of evasion
MPRegen  0.11/turn              (no ring)

@: heroism
A: retaliatory headbutt, horns 2
a: Heroism, Renounce Religion


You were on level 3 of the Dungeon.
You worshipped Okawaru.
Okawaru was aware of your devotion.
You were not hungry.

You visited 1 branch of the dungeon, and saw 4 of its levels.

You collected 112 gold pieces.

Inventory:

Hand Weapons
 a - a +1 war axe (weapon)
Armour
 c - a +0 shield (worn)
 j - a +0 chain mail (worn)
 k - a cursed +0 pair of gloves (worn)
 n - a +1 pair of gloves
Jewellery
 i - a +2 ring of evasion (left hand)
Scrolls
 b - 2 scrolls of remove curse
 e - 4 scrolls of teleportation
 o - a scroll of identify
Potions
 d - a potion of might
 g - 2 potions of berserk rage
 h - 3 potions of agility
 l - a potion of cancellation
 m - a potion of brilliance
Comestibles
 f - 11 rations
 p - 6 chunks of flesh


   Skills:
 + Level 5.4(10.4) Fighting
 + Level 4.8(9.8) Axes
 + Level 5.5(10.5) Armour
 + Level 3.1(8.1) Dodging
 - Level 4.1(9.1) Shields
 + Level 2.7 Invocations


You had 6 spell levels left.
You didn't know any spells.
Your spell library contained the following spells:

 Spells                   Type           Power        Failure   Level  Hunger
 Apportation              Tloc           #.....       100%        1    ##.....
 Summon Small Mammal      Summ           #...         100%        1    ##.....
 Animate Skeleton         Necr           N/A          100%        1    ##.....
 Confusing Touch          Hex            #.....       100%        1    ##.....


Dungeon Overview and Level Annotations

Branches:
Dungeon (4/15)
 Temple: D:4-7

Altars:
Fedhas
Okawaru

Annotations:
D:4 Robin


Innate Abilities, Weirdness & Mutations

You reflexively headbutt those who attack you in melee.
You have a pair of horns on your head.


Message History

You kill the goblin!
Okawaru accepts your kill.
You hit the hobgoblin. You hit Robin.
Your chain mail prevents you from hitting the ogre.
You block the ogre's attack. The hobgoblin hits you with a club.
You block Robin's attack.
The hobgoblin hits you but does no damage.
Robin roars a battlecry!
The goblin goes into a battle-frenzy!
There is an open door here.
You see here a club.
Robin says, "Kneel, worm!"
There is a stone staircase leading up here.
The ogre hits you with a giant club!
* * * LOW HITPOINT WARNING * * *
You climb upwards.
There is a stone staircase leading down here.
You gain the combat prowess of a mighty hero.
The ogre hits you with a giant club!
You die...

####### #......#
......#####......#
.................#
.................#
.....#....P.P..#.#
?....#....._.....#
..........P.P[...#
#....#...........#####
#....###.#.#....@O...#
.........#.#....####.###
##########.#....# #...#
#.###### ###.# #.# #.#
#.# #.# #.# #.#
#.###########.#
#......รท......#


You could see an ogre.

Vanquished Creatures
  Grinder (D:4)
  2 crimson imps (D:4)
  A hound (D:4)
  An orc wizard (D:4)
  Ijyb (D:4)
  An iguana (D:3)
  An adder (D:2)
  5 gnolls
  An ooze (D:4)
  A worm (D:2)
  5 dart slugs
  3 leopard geckos
  7 orcs
  8 giant cockroaches
  18 goblins
  10 hobgoblins
  2 jackals (D:2)
  5 quokkas
  2 ball pythons
  9 bats
  4 frilled lizards
  8 kobolds
  6 rats
102 creatures vanquished.

Notes
Turn   | Place    | Note
-------+----------+-------------------------------------------
     0 | D:1      | PikkenKukken the Minotaur Fighter began the quest for the Orb.
     0 | D:1      | Reached XP level 1. HP: 19/19 MP: 0/0
   135 | D:1      | Reached XP level 2. HP: 27/27 MP: 1/1
   375 | D:1      | Reached XP level 3. HP: 33/33 MP: 2/2
   634 | D:2      | Found an iron altar of Okawaru.
   648 | D:2      | Became a worshipper of Warmaster Okawaru
  1021 | D:2      | Reached XP level 4. HP: 40/40 MP: 3/3
  1390 | D:3      | Reached skill level 1 in Dodging
  1482 | D:3      | Reached skill level 1 in Invocations
  1763 | D:3      | Found a blossoming altar of Fedhas.
  1773 | D:3      | Reached XP level 5. HP: 47/47 MP: 4/4
  2384 | D:4      | Noticed Grinder
  2385 | D:4      | Paralysed by Grinder for 5 turns
  2394 | D:4      | Reached * piety under Okawaru
  2395 | D:4      | Paralysed by Grinder for 5 turns
  2402 | D:4      | Reached XP level 6. HP: 41/55 MP: 6/6
  2405 | D:4      | Killed Grinder
  2405 | D:4      | Reached skill level 5 in Fighting
  2405 | D:4      | Reached skill level 5 in Armour
  2571 | D:4      | Reached XP level 7. HP: 37/61 MP: 7/7
  2631 | D:4      | Noticed Ijyb
  2765 | D:4      | Killed Ijyb
  2784 | D:4      | Noticed Robin
  2802 | D:3      | Slain by an ogre

Vault maps used:
D:1:      dpeg_arrival_connections
D:2:      lemuel_upstairs_altar, hangedman_decor_slide_cut,
          okawaru_ov_weapons_minmay
D:3:      fedhas_altar_1
D:4:      uniq_grinder, uniq_robin, uniq_ijyb

Skill      XL: |  1  2  3  4  5  6 |
---------------+-------------------+-----
Axes           | 3 4 |  4.8
Shields        | 4 |  4.1
Fighting       | 4 5 |  5.4
Armour         | 4 5 |  5.5
Dodging        | 1 2 3 |  3.1
Invocations    | 1 2 |  2.7

Action                   |  1- 3 |  4- 6 |  7- 9 || total
-------------------------+-------+-------+-------++-------
Melee: War axe           |    81 |   121 |    29 ||   231
       Headbutt          |    15 |    14 |     3 ||    32
       Unarmed           |       |       |     4 ||     4
Invok: Heroism           |       |       |     1 ||     1
  Use: Scroll            |     5 |     6 |       ||    11
       Potion            |       |     2 |       ||     2
  Eat: Chunk             |       |     5 |     1 ||     6
Armor: Scale mail        |     6 |       |       ||     6
       Chain mail        |    38 |    59 |    13 ||   110
Dodge: Dodged            |    19 |    31 |    10 ||    60
Block: Shield            |    46 |    71 |    21 ||   138

Table legend:
 A = Spawn XP
 B = Non-spawn XP
 C = Spawn XP percentage of total XP
 D = Spawn monster count
 E = Non-spawn monster count
 F = Spawn count percentage of total count
 G = Total turns spent on level
                    A         B        C        D         E        F      G
               +---------+---------+-------+---------+---------+-------+---------
         Total |       0 |     816 |   0.0 |       0 |     102 |   0.0 |  2802
               +---------+---------+-------+---------+---------+-------+---------
           D:1 |       0 |      58 |   0.0 |       0 |      26 |   0.0 |   634
           D:2 |       0 |      69 |   0.0 |       0 |      25 |   0.0 |   720
           D:3 |       0 |     140 |   0.0 |       0 |      28 |   0.0 |   886
           D:4 |       0 |     549 |   0.0 |       0 |      23 |   0.0 |   562
               +---------+---------+-------+---------+---------+-------+---------
